 Dungeon Crawl Stone Soup version 0.17-a0-1769-g54adf96 (webtiles) character file.

196 Magnus the Skirmisher (level 5, -1/42 HPs)
             Began as a Mummy Gladiator on Sept 7, 2015.
             Slain by an ogre
             ... wielding a +0 giant spiked club
              (18 damage)
             ... on level 4 of the Dungeon.
             The game lasted 00:07:15 (3018 turns).

Magnus the Skirmisher (Mummy Gladiator)             Turns: 3018, Time: 00:07:15

Health: -1/42      AC: 10    Str: 19    XL:     5   Next: 45%
Magic:  5/5        EV:  8    Int:  8    God:
Gold:   160        SH:  0    Dex: 12    Spells: 0 memorised, 4 levels left

rFire  x . .     SeeInvis .     a - +0 war axe
rCold  + . .     Clarity  .     g - +0 chain mail
rNeg   + + +     SustAt   .     (no shield)
rPois  ∞         Gourm    .     c - +1 helmet
rElec  .         Spirit   .     (no cloak)
rCorr  .         Warding  .     (no gloves)
rMut   +         Stasis   .     (no boots)
MR     .....                    h - amulet of resist mutation
Stlth  ..........               (no ring)
                                (no ring)

@: not resistant to hostile enchantments, extremely unstealthy
A: no food or potions, fire vulnerability, cold resistance 1, negative energy
resistance 3, torment resistance, unbreathing
a: no special abilities


You were on level 4 of the Dungeon.
You were not hungry.

You visited 1 branch of the dungeon, and saw 4 of its levels.

You collected 160 gold pieces.

Inventory:

Hand weapons
 a - a +0 war axe (weapon)
Missiles
 d - 3 throwing nets (quivered)
Armour
 c - a +1 helmet (worn)
 g - a +0 chain mail (worn)
Jewellery
 h - an amulet of resist mutation (around neck)
Scrolls
 e - a scroll of fear
 f - 8 scrolls of identify
 m - 3 scrolls of amnesia


   Skills:
 + Level 4.2 Fighting
 + Level 4.0 Axes
 - Level 1.5 Throwing
 - Level 2.4 Dodging


You had 4 spell levels left.
You didn't know any spells.

Dungeon Overview and Level Annotations

Branches:
Dungeon (4/15)
 Temple: D:4-7

Altars:
Ru

Annotations:
D:3 Rationalist's ghost, average FoFi


Innate Abilities, Weirdness & Mutations

You do not eat or drink.
Your flesh is vulnerable to fire.
You are immune to poison.
Your flesh is cold resistant.
You are immune to negative energy.
You are immune to unholy pain and torment.
You can survive without breathing.


Message History

Aim: an ogre, wielding a giant spiked club You throw a throwing net.
The throwing net hits the ogre.
The ogre is caught in the net!
The ogre struggles against the net.
The ogre struggles against the net.
The ogre struggles against the net.
You hit the ogre.
The ogre is moderately wounded.
The ogre struggles against the net.
The net rips apart, and the ogre comes free!
You hit the ogre.
The ogre is heavily wounded.
The ogre hits you with a giant spiked club.
You slash the ogre!
The ogre is almost dead.
The ogre hits you with a giant spiked club!!
Ouch! That really hurt!
You hit the ogre.
The ogre is almost dead.
The ogre hits you with a giant spiked club!!
You die...

+...#...#
#...'...#
#...#...#
#...##'## .......#
+...#...#
.......#+#...+...#
......#.#...#[..#
#....+.#O..#...#
+....#.+@..+...#
#....#.#...#...#
#....#'#†....#.#
+..<....########
#.......#
#.......#
#....#+#... ###+##
.... .....


You could see an ogre.

Vanquished Creatures
  A scorpion (D:3)
  Ijyb (D:2)
  An orc wizard (D:3)
  3 adders
  2 worms
  3 giant geckos
  4 orcs (D:3)
  9 bats
  4 giant cockroaches (D:3)
  4 goblins
  8 hobgoblins
  2 jackals (D:2)
  7 kobolds
  A quokka (D:2)
  6 giant newts
  5 rats
61 creatures vanquished.

Notes
Turn   | Place    | Note
--------------------------------------------------------------
     0 | D:1      | Magnus the Mummy Gladiator began the quest for the Orb.
     0 | D:1      | Reached XP level 1. HP: 16/16 MP: 1/1
   462 | D:1      | Reached XP level 2. HP: 21/23 MP: 2/2
   760 | D:1      | Reached skill level 3 in Axes
   897 | D:2      | Reached XP level 3. HP: 28/28 MP: 3/3
   898 | D:2      | Found a sacrificial altar of Ru.
   978 | D:2      | Noticed Ijyb
  1000 | D:2      | Killed Ijyb
  1005 | D:2      | Reached XP level 4. HP: 19/35 MP: 4/4
  1561 | D:3      | Noticed Rationalist's ghost (average FoFi)
  1914 | D:3      | Reached skill level 4 in Fighting
  1914 | D:3      | Reached XP level 5. HP: 28/42 MP: 5/5
  2087 | D:3      | Found a faded altar to an unknown god.
  2998 | D:4      | Noticed an ogre
  3018 | D:4      | Slain by an ogre

Vault maps used:
D:1:      sevenhm_arrival_forest_fort_small_4, serial_bayou_pond_e,
          minmay_quantized
D:2:      lemuel_crystal_altar, uniq_iyjb
D:3:      ecumenical_altar_1
D:4:      first_bread, uniq_menkaure

Action                   |  1- 3 |  4- 6 || total
-------------------------+-------+-------++-------
Melee: War axe           |    90 |   133 ||   223
Throw: Throwing net      |       |     1 ||     1
  Use: Scroll            |       |     7 ||     7
